AoeStats
← 天皇笑川

Arena

506349946Analyzed
4v4 RM · 18d ago on Sep 13, 2026· 41m 34s· 8 players
Game mode
Random Map
Map size
Large (8 player)
Population
200
Speed
Normal
Resources
Standard
Victory
Conquest
Starting age
Dark Age
Ending age
Imperial Age
RankedLock teamsTeams togetherTeam positionsShared explorationLock speedFull tech treeHidden civsTurbo modeCheats
Victory
Defeat
🇲🇽 Persians · Mexico
734
+14
🇮🇳 Japanese · India
691
+16
🇨🇳 Saracens · China
607
+19
🇻🇳 Goths · Vietnam
601
+19
🇬🇧 Khmer · United Kingdom
722
-19
🇩🇪 Poles · Germany
712
-18
🇬🇧 Celts · United Kingdom
671
-17
🇺🇦 Huns · Ukraine
619
-14
AchievingKitKat
14:24 Loom
25:03 Feudal Age
25:25 Horse Collar
25:33 Double-Bit Axe
26:46 Wheelbarrow
31:51 Scale Mail Armor
32:18 Forging
32:14 Town Watch
32:28 Gold Mining
33:17 Stone Mining
33:24 Fletching
33:29 Arson
38:55 Castle Age
40:46 Stone Shaft Mining
40:47 Gold Shaft Mining
39:50 Pikeman
41:31 Chain Mail Armor
41:50 Bow Saw
Deman501
13:40 Feudal Age
22:09 Castle Age
24:59 Wheelbarrow
26:02 Double-Bit Axe
29:13 Hand Cart
29:20 Bow Saw
28:56 Horse Collar
30:36 Gold Mining
30:36 Stone Mining
30:46 Stone Mining
31:06 Scale Barding Armor
32:45 Gold Shaft Mining
34:51 Imperial Age
33:22 Loom
34:12 Heavy Plow
34:41 Husbandry
34:22 Light Cavalry
35:15 Bloodlines
35:39 Chain Barding Armor
35:53 Cavalier
35:55 Hussar
36:01 Hussar
gurungkamal
0:49 Loom
14:07 Feudal Age
15:29 Wheelbarrow
14:49 Double-Bit Axe
15:34 Stone Mining
15:32 Horse Collar
16:38 Gold Mining
23:56 Castle Age
25:02 Pikeman
26:14 Bow Saw
26:07 Heavy Plow
27:27 Stone Shaft Mining
28:50 Gold Shaft Mining
33:55 Arson
36:42 Hand Cart
36:13 Town Watch
41:05 Imperial Age
38:54 Forging
38:44 Scale Mail Armor
40:42 Fortified Wall
SirCumaLot
0:30 Loom
11:39 Feudal Age
14:41 Wheelbarrow
13:51 Town Watch
17:09 Horse Collar
21:24 Castle Age
20:23 Double-Bit Axe
23:23 Bow Saw
23:17 Heavy Plow
26:34 Pikeman
29:41 Scale Mail Armor
29:51 Forging
30:55 Szlachta Privileges
31:23 Treadmill Crane
31:39 Murder Holes
31:55 Fletching
33:49 Hand Cart
37:27 Masonry
38:37 Stone Mining
39:50 Chain Mail Armor
39:52 Fortified Wall
40:12 Bodkin Arrow
Borzak4113
0:34 Loom
10:43 Feudal Age
11:45 Double-Bit Axe
11:48 Horse Collar
15:01 Wheelbarrow
21:30 Castle Age
20:02 Gold Mining
22:38 Caravan
23:17 Bow Saw
23:23 Heavy Plow
23:28 Stone Mining
29:05 Husbandry
29:16 Bloodlines
35:10 Imperial Age
32:26 Town Watch
32:57 Hand Cart
33:57 Ballistics
33:34 Fletching
33:45 Padded Archer Armor
33:56 Forging
33:52 Scale Barding Armor
35:50 Scale Barding Armor
36:27 Iron Casting
36:30 Conscription
36:47 Crop Rotation
37:22 Two-Man Saw
37:34 Kamandaran
37:55 Thumb Ring
37:12 Crossbowman
38:35 Town Patrol
38:34 Bodkin Arrow
House of Huns
0:29 Loom
13:11 Feudal Age
17:36 Castle Age
16:17 Horse Collar
16:25 Double-Bit Axe
22:04 Fervor
22:53 Stone Mining
25:07 Gold Mining
27:05 Caravan
28:52 Bow Saw
28:44 Heavy Plow
32:16 Forging
32:06 Scale Mail Armor
33:09 Gold Shaft Mining
35:36 Imperial Age
33:42 Wheelbarrow
32:53 Town Watch
33:54 Iron Casting
33:36 Town Patrol
33:50 Man-at-Arms
34:16 Gambesons
34:31 Squires
33:51 Pikeman
34:18 Arson
35:00 Chain Mail Armor
35:25 Long Swordsman
37:18 Blast Furnace
36:48 Plate Mail Armor
36:43 Conscription
36:43 Kataparuto
36:42 Two-Handed Swordsman
36:43 Halberdier
37:16 Champion
天皇笑川
0:35 Loom
12:26 Feudal Age
14:00 Wheelbarrow
13:09 Horse Collar
22:39 Castle Age
21:37 Gold Mining
21:39 Stone Mining
21:39 Double-Bit Axe
24:22 Gold Shaft Mining
24:50 Heavy Plow
33:29 Imperial Age
31:18 Hand Cart
31:11 Treadmill Crane
31:27 Murder Holes
31:52 Ballistics
31:43 Masonry
31:47 Fortified Wall
32:35 Bow Saw
35:58 Chemistry
35:06 Siege Engineers
36:57 Conscription
37:09 Elite Mameluke
39:38 Scale Barding Armor
39:43 Forging
phucvaki
2:28 Loom
14:26 Feudal Age
18:44 Castle Age
17:26 Double-Bit Axe
17:25 Horse Collar
17:38 Gold Mining
17:41 Stone Mining
20:49 Bow Saw
20:47 Heavy Plow
23:56 Squires
27:27 Stone Shaft Mining
27:01 Scale Mail Armor
30:35 Wheelbarrow
29:55 Man-at-Arms
32:13 Hand Cart
37:37 Imperial Age
35:14 Long Swordsman
36:34 Anarchy
38:02 Chain Mail Armor
38:01 Caravan
38:23 Forging
38:26 Perfusion
Connection lost

Rejoining the realm…

Still unreachable

The connection could not be restored.

Session expired

The server has moved on; the page needs a fresh start.